Map: Berlingrad LE

Players

Faz

  • Race: Terran Terran
  • League: Master
  • Spawn Location: 5:00

Pumba - Winner!

  • Race: Protoss Protoss
  • League: Master
  • Spawn Location: 11:00

VOD

Have the link to the VOD?

Description

Time

  • Played on: April 12, 2022, 8:17 p.m.
  • Length: 8:57
Show
View Real Time Build Order
Export as new Build Order

Faz Terran 

Build Orders:  

Get SALT Encoding   

  12  0:00  SCV  
  13  0:12  SCV  
  14  0:17  Supply Depot  
  14  0:24  SCV  
  15  0:38  SCV  
  15  0:40  Barracks  
  16  0:43  Refinery  
  16  0:50  SCV  
  17  1:02  SCV  
  18  1:18  SCV  
  19  1:27  Marine  
  19  1:30  Orbital Command  
  20  1:40  Command Center  
  20  1:47  Barracks Reactor  
  20  1:55  SCV  
  20  1:56  Supply Depot  
  21  2:09  SCV  
  21  2:10  Factory  
  21  2:13  Refinery  
  22  2:23  SCV, Marine x2  
  25  2:35  SCV  
  26  2:41  Marine x2  
  28  2:47  SCV  
  29  2:55  Starport  
  29  2:56  Hellion  
  31  2:59  Orbital Command  
  31  3:01  Marine x2  
  33  3:17  SCV  
  36  3:20  Widow Mine  
  36  3:22  Marine x2  
  36  3:26  Supply Depot, SCV  
  39  3:30  SCV  
  39  3:33  Medivac  
  42  3:38  SCV  
  43  3:49  Marine x2  
  41  4:03  Factory Tech Lab  
  41  4:06  Starport Tech Lab  
  41  4:07  Marine x2  
  40  4:12  SCV x2  
  40  4:15  Supply Depot, Command Center  
  42  4:18  Barracks  
  42  4:22  Siege Tank  
  45  4:24  Raven, Marine  
  45  4:25  Marine  
  49  4:50  Marine x2  
  49  5:03  Siege Tank  
  51  5:08  Marine x2  
  46  5:14  SCV x2  
  46  5:15  Barracks  
  46  5:16  Engineering Bay x2  
  46  5:20  Refinery x2, Starport Reactor  
  48  5:23  Stimpack, Marauder  
  48  5:26  Supply Depot, SCV x2  
  52  5:28  Marine  
  52  5:29  Marine  
  52  5:34  Orbital Command  
  54  5:41  SCV x2  
  56  5:48  Marine x2  
  56  5:49  Marauder  
  60  5:51  Terran Infantry Weapons Level 1  
  60  5:52  Terran Infantry Armor Level 1  
  60  5:56  SCV  
  61  5:58  SCV  
  61  6:00  Orbital Command  
  61  6:02  Factory Reactor  
  62  6:06  Marine  
  62  6:07  Marine  
  62  6:10  Marauder  
  66  6:12  SCV  
  66  6:13  SCV  
  66  6:14  Barracks  
  66  6:18  Combat Shield, Marauder  
  69  6:25  Barracks  
  69  6:30  SCV x3  
  71  6:33  Marine x2  
  71  6:34  Marauder  
  71  6:35  Medivac  
  77  6:41  Supply Depot, Medivac  
  77  6:42  Supply Depot  
  77  6:43  SCV x3  
  82  6:47  Marauder  
  84  6:57  SCV  
  84  6:58  Ghost Academy  
  85  7:02  SCV x2, Barracks Tech Lab  
  85  7:03  Widow Mine x2  
  85  7:05  Medivac  
  93  7:09  Refinery  
  93  7:11  Marauder  
  93  7:12  Marauder  
  97  7:17  Supply Depot  
  97  7:20  Supply Depot  
  97  7:21  Barracks Reactor  
  97  7:23  SCV x3  
  97  7:28  Refinery, Enhanced Shockwaves  
  100  7:33  Marine  
  101  7:38  Marine  
  101  7:40  Ghost x2  
  101  7:43  Ghost  
  106  7:47  SCV x3  
  111  7:56  Liberator  
  111  7:57  Supply Depot x2  
  114  7:58  Marine  
  114  7:59  Marine  
  114  8:05  Marine  
  117  8:16  Marauder  
  117  8:18  Marauder, Marine x4  
  126  8:24  Marine  
  127  8:36  Marine x3  
Show
View Real Time Build Order
Export as new Build Order

Pumba Protoss - Winner!

Build Orders: 1 Gate Expand, Blink Stalkers 

Get SALT Encoding   

  12  0:00  Probe  
  13  0:12  Probe  
  14  0:17  Pylon  
  14  0:24  Probe (Chrono Boost)  
  15  0:36  Probe (Chrono Boost)  
  15  0:37  Gateway  
  16  0:45  Probe (Chrono Boost), Assimilator  
  17  0:50  Probe  
  18  1:03  Probe  
  19  1:15  Probe  
  20  1:24  Nexus  
  20  1:33  Cybernetics Core  
  20  1:36  Probe  
  21  1:41  Assimilator  
  21  1:48  Probe  
  21  1:51  Pylon  
  22  2:00  Probe  
  23  2:07  Adept (Chrono Boost)  
  23  2:12  Warp Gate, Probe  
  26  2:17  Twilight Council  
  26  2:27  Probe (Chrono Boost)  
  27  2:34  Sentry  
  29  2:37  Probe (Chrono Boost)  
  29  2:43  Probe (Chrono Boost)  
  31  2:47  Probe (Chrono Boost)  
  33  2:51  Probe (Chrono Boost)  
  33  2:54  Probe (Chrono Boost)  
  33  2:56  Probe (Chrono Boost)  
  35  3:05  Blink (Chrono Boost)  
  35  3:06  Probe  
  35  3:07  Probe  
  37  3:18  Probe  
  38  3:21  Pylon  
  38  3:22  Gateway  
  38  3:24  Stalker  
  40  3:29  Probe  
  40  3:31  Probe  
  42  3:42  Shield Battery, Probe  
  41  4:02  Probe (Chrono Boost)  
  40  4:12  Probe (Chrono Boost), Stalker  
  42  4:19  Nexus  
  42  4:25  Probe  
  42  4:27  Probe, Pylon  
  42  4:29  Stalker  
  46  4:40  Probe, Stalker  
  46  4:41  Probe  
  48  4:55  Stalker  
  50  5:07  Stalker  
  50  5:09  Probe (Chrono Boost)  
  50  5:13  Assimilator  
  54  5:15  Probe (Chrono Boost), Assimilator  
  54  5:17  Robotics Facility, Templar Archives  
  54  5:19  Probe (Chrono Boost), Forge  
  55  5:21  Pylon  
  55  5:23  Probe (Chrono Boost)  
  55  5:26  Probe (Chrono Boost)  
  57  5:31  Probe (Chrono Boost)  
  59  5:39  Probe (Chrono Boost)  
  59  5:41  Probe x2 (Chrono Boost)  
  59  5:42  Charge  
  61  5:46  Probe x2 (Chrono Boost)  
  61  5:48  Probe (Chrono Boost)  
  64  5:58  Protoss Ground Weapons Level 1 (Chrono Boost), Probe (Chrono Boost)  
  64  6:00  Probe (Chrono Boost), Psionic Storm  
  64  6:04  Probe (Chrono Boost), Pylon  
  67  6:06  Probe (Chrono Boost)  
  67  6:07  Probe (Chrono Boost), Pylon  
  67  6:10  Gateway  
  67  6:11  Probe (Chrono Boost)  
  70  6:12  Probe, Gateway  
  70  6:14  Probe  
  70  6:15  Gateway  
  72  6:19  High Templar  
  72  6:22  Gateway, Probe  
  72  6:23  Gateway  
  72  6:24  High Templar  
  77  6:32  Shield Battery  
  77  6:34  Warp Prism (Chrono Boost)  
  77  6:35  Shield Battery  
  77  6:36  Pylon  
  77  6:37  Shield Battery  
  79  6:43  Gateway  
  79  6:50  Gateway  
  79  6:53  Pylon  
  79  6:54  Pylon  
  79  6:55  High Templar  
  81  7:04  Zealot, Observer  
  84  7:16  High Templar  
  84  7:17  High Templar  
  84  7:22  Zealot x2  
  92  7:26  Pylon  
  92  7:29  Observer  
  93  7:30  Probe  
  93  7:32  Assimilator, Pylon  
  93  7:34  Shield Battery  
  93  7:36  Zealot x3, Assimilator  
  100  7:42  Shield Battery  
  100  7:45  Pylon  
  100  7:46  Zealot x4  
  100  7:47  Probe  
  100  7:50  High Templar  
  111  7:52  Zealot  
  111  7:56  High Templar  
  111  7:57  Zealot x2  
  119  8:00  Nexus  
  119  8:03  Archon, Pylon  
  119  8:16  Zealot x5  
  129  8:25  Zealot x3  
  135  8:31  Robotics Facility  
  135  8:32  Robotics Bay  
Tags
 
Add a new tag
Caveats
  • Supply blocks, unpowered buildings, or Contaminate may cause inaccurate times.
  • Supply counts are checked every 10 seconds.